 Dungeon Crawl Stone Soup version 0.30-a0-930-gb9d0489357 (webtiles) character file.

Game seed: 11465279020611635525

5167 ragingrage the Slicer (level 10, -6/78 HPs)
             Began as an Armataur Artificer on Mar 23, 2023.
             Was a Follower of Uskayaw.
             Mangled by an orc warrior
             ... wielding a +0 war axe
              (17 damage)
             ... in a bailey.
             The game lasted 00:19:40 (11309 turns).

ragingrage the Slicer (Armataur Artificer)         Turns: 11309, Time: 00:19:41

Health: -6/78      AC:  8    Str: 18    XL:     10   Next: 34%
Magic:  2/13       EV: 14    Int: 12    God:    Uskayaw [*.....]
Gold:   267        SH:  0    Dex: 14    Spells: 6/13 levels left

rFire   . . .      SeeInvis .    a - +0 dagger (venom)
rCold   + . .      Faith    +    (no shield)
rNeg    . . .      Spirit   .    i - +1 leather armour {rC+}
rPois   +          Reflect  .    u - +0 helmet
rElec   .          Roll     +    q - +0 cloak
rCorr   .                        (no gloves)
Will    +....                    (no barding)
Stlth   +++                      I - amulet of Ithraohiu {Faith Will+}
HPRegen 0.33/turn                p - +5 ring of evasion
MPRegen 0.13/turn                E - ring of poison resistance

@: no status effects
A: large, rugged brown scales 3, deformed body, armoured tail, roll, long
tongue, awkward tongue
a: Renounce Religion, Stomp


You were in a bailey.
You worshipped Uskayaw.
Uskayaw was noncommittal.
You visited 2 branches of the dungeon, and saw 9 of its levels.
You also visited: Bailey.

You collected 359 gold pieces.
You spent 92 gold pieces at shops.

Inventory:

Hand Weapons
 a - a +0 dagger of venom (weapon)
 b - a +3 short sword
 M - a +4 dagger
 O - a +0 great sword
Missiles
 j - 6 boomerangs
 o - 15 poisoned darts
 B - 5 silver boomerangs
Armour
 i - a +1 leather armour of cold resistance (worn)
 q - a +0 cloak (worn)
 u - a +0 helmet (worn)
Jewellery
 k - the amulet of Qumaihom {Acrobat rN+ Will++}
   (You acquired it on level 2 of the Dungeon)

   [amulet of the acrobat]

   It increases your evasion while moving and waiting.
   rN:        It protects you from negative energy.
   Will:      It greatly increases your willpower.
 p - a +5 ring of evasion (left hand)
 E - a ring of poison resistance (right hand)
 I - the amulet of Ithraohiu (around neck) {Faith Will+}
   (You acquired it on level 2 of the Dungeon)

   [amulet of faith]

   It allows you to gain divine favour quickly.
   Will:      It increases your willpower.
 N - a ring of positive energy
Wands
 c - a wand of flame (72)
 d - a wand of charming (9)
 e - a wand of iceblast (3)
 F - a wand of paralysis (17)
 L - a wand of digging (7)
Scrolls
 f - 3 scrolls of teleportation
 g - 2 scrolls of vulnerability
 h - a scroll of amnesia {unknown}
 l - a scroll of butterflies
 r - 2 scrolls of identify
 v - a scroll of fog
 w - a scroll of enchant weapon {unknown}
 x - 2 scrolls of enchant armour {unknown}
 y - 2 scrolls of immolation {unknown}
 A - 3 scrolls of magic mapping
Potions
 m - 2 potions of flight
 n - 2 potions of curing
 s - a potion of attraction
 G - a potion of lignification
 H - a potion of invisibility


   Skills:
 - Level 2.1 Fighting
 - Level 10.0 Short Blades
 - Level 2.4 Armour
 - Level 0.6 Dodging
 - Level 6.0 Stealth
 - Level 2.0 Spellcasting
 - Level 6.0 Hexes
 - Level 4.0 Ice Magic
 + Level 3.5 Invocations
 - Level 3.0 Evocations


You had 6 spell levels left.
You knew the following spells:

 Your Spells              Type           Power      Damage    Failure   Level
a - Ensorcelled Hibernat  Hex/Ice        26%        N/A       6%          2
b - Apportation           Tloc           2%         N/A       32%         1
c - Cause Fear            Hex            7%         N/A       26%         4

Your spell library contained the following spells:

 Spells                   Type           Power      Damage    Failure   Level
 Inner Flame              Hex/Fire       8%         N/A       28%         3
 Necrotise                Necr           4%         1d4       32%         1
 Shock                    Conj/Air       4%         1d3       32%         1
 Sting                    Tmut/Pois      4%         1d3       32%         1
 Summon Small Mammal      Summ           4%         N/A       32%         1
 Blink                    Tloc           2%         N/A       43%         2
 Lesser Beckoning         Tloc           2%         N/A       43%         2
 Momentum Strike          Conj/Tloc      2%         3d8       43%         2
 Passwall                 Tmut/Erth      0%         N/A       43%         2
 Poisonous Vapours        Pois/Air       2%         N/A       43%         2
 Swiftness                Air            1%         N/A       67%         3
 Airstrike                Air            0%         2d(1-17)  97%         4
 Flame Wave               Conj/Fire      1%         2d4       97%         4
 Olgreb's Toxic Radiance  Pois           1%         N/A       97%         4
 Sticky Flame             Conj/Fire      1%         2d3       97%         4
 Discord                  Hex            7%         N/A       100%        8


Dungeon Overview and Level Annotations

Branches:
Dungeon (8/15)             Temple (1/1) D:5          Bailey (1/1)
   Lair: D:8-11

Altars:
Ashenzari
Cheibriados
Elyvilon
Fedhas
Hepliaklqana
Kikubaaqudgha
Qazlal
Ru
Sif Muna
Trog
Uskayaw
Yredelemnul
Zin
The Shining One

Shops:
D:3 *   D:6 *


Innate Abilities, Weirdness & Mutations

You are completely covered in rugged brown scales. (AC +3, +7% HP)
Armour fits poorly on your strangely shaped body.
You have a long armoured tail.
You roll when moving toward enemies. (Rampage)
Your long tongue fully drains potion bottles. (2x potion effects)
Your tongue gives you trouble enunciating. (1.5x scroll delay)


Message History

You throw a datura-tipped dart.
The datura-tipped dart hits the orc warrior.
The orc warrior flies into a frenzy!
The orc warrior barely misses the orc knight.
The orc warrior misses the orc knight.
The orc warrior shouts!
The orc warrior hits the orc knight with a +0 war axe!
There is an empty arch of ancient stone here.
The orc warrior hits the orc knight with a +0 war axe!!
You barely miss the orc knight.
The orc warrior shouts!
You hit the orc knight but do no damage.
The orc knight is poisoned.
The orc knight hits you with a +0 war axe.
The orc knight hits the orc warrior but does no damage.
You hit the orc knight but do no damage.
The orc knight looks as sick as possible!
You tail-slap the orc knight.
You kill the orc knight!
Training target 6.0 for Hexes reached!
Training target 6.0 for Stealth reached!
Your Stealth skill increases to level 6!
Your Hexes skill increases to level 6!
Your Invocations skill increases to level 3!
You hit the orc warrior but do no damage.
The orc warrior completely misses you.
You hit the orc warrior but do no damage.
The orc warrior is poisoned.
You tail-slap the orc warrior, but do no damage.
The orc warrior barely misses you.
Aiming: Ensorcelled Hibernation (safe; 6% risk of failure)
Aim: an orc warrior, wielding a +0 war axe and wearing a +0 chain mail (fast, strong, frenzied and insane, very poisoned, chance to affect: 47%)
The orc warrior resists with some effort.
The orc warrior hits you with a +0 war axe!!
* * * LOW HITPOINT WARNING * * *
Aiming: Ensorcelled Hibernation (safe; 6% risk of failure)
Aim: an orc warrior, wielding a +0 war axe and wearing a +0 chain mail (lightly wounded, fast, strong, frenzied and insane, very poisoned, chance to affect: 47%)
The orc warrior resists with some effort.
The orc warrior hits you with a +0 war axe!
You die...

#≈≈≈≈≈# #≈≈≈≈≈#
#≈≈≈≈≈#####
#≈≈≈≈≈~.#..
######.≈b≈≈~.#..
#......≈≈≈≈~.#''
###......≈≈≈≈~.#..
#..............'..
#@o.∩..........'b.
#.......((.....'.)
###......≈≈≈≈~.#..
#......≈≈≈≈))#')
######.≈≈≈≈))#.b
#≈≈≈≈≈~.#..
#≈≈≈≈≈#####
#≈≈≈≈≈# #≈≈≈≈≈#


You could see a neutral orc warrior (fast, strong, insane, very poisoned).

Vanquished Creatures
  An orc knight (Bailey)
  A kobold demonologist (D:8)
  A yak (D:4)
  2 hornet zombies (D:7)
  9 orc warriors
  4 black bears
  2 ice beasts (D:5)
  2 ogres
  A phantom (D:6)
  A centaur (D:7)
  3 kobold brigands
  4 bullfrogs
  A wyvern zombie (D:6)
  A scorpion (D:6)
  A gnoll sergeant (D:6)
  11 wights
  A jelly (D:6)
  2 howler monkeys (D:7)
  A bullfrog zombie (D:7)
  2 orc priests
  3 centaur zombies (D:7)
  2 hounds
  2 sleepcaps
  6 iguanas
  8 orc wizards
  Terence (D:2)
  4 killer bee zombies
  3 howler monkey zombies (D:7)
  Robin (D:2)
  9 gnolls
  2 adders
  A shadow imp (D:8)
  4 white imps
  An ufetubus (D:4)
  5 worms
  4 dart slugs
  27 orcs
  8 ball pythons
  8 endoplasms
  2 giant cockroaches
  21 goblins
  8 hobgoblins
  8 jackals
  16 kobolds
  4 quokkas
  5 bats
  4 frilled lizards
  2 rats
220 creatures vanquished.

Vanquished Creatures (others)
  A bullfrog zombie (D:7)
  A centaur zombie (D:7)
  An orc wizard (D:4)
  A killer bee zombie (D:7)
  A butterfly (D:6)
  2 demonic plants (D:8)
  A withered plant (D:7)
8 creatures vanquished.

Grand Total: 228 creatures vanquished

Notes
Turn   | Place    | Note
-------+----------+-------------------------------------------
     0 | D:1      | ragingrage the Armataur Artificer began the quest for the
                  | Orb.
     0 | D:1      | Reached XP level 1. HP: 16/16 MP: 1/1
    81 | D:1      | Reached XP level 2. HP: 23/23 MP: 2/2
   372 | D:1      | Reached skill level 1 in Fighting
   540 | D:1      | Reached XP level 3. HP: 31/31 MP: 3/3
   852 | D:2      | Noticed Terence
  1215 | D:2      | Noticed Robin
  1394 | D:2      | Reached skill level 1 in Short Blades
  1525 | D:2      | Learned a level 2 spell: Ensorcelled Hibernation
  1670 | D:2      | Reached XP level 4. HP: 38/38 MP: 4/4
  2402 | D:3      | Found Piuthimn's General Store.
  2793 | D:4      | Reached skill level 1 in Hexes
  2793 | D:4      | Reached skill level 1 in Ice Magic
  2927 | D:4      | Found a sacrificial altar of Ru.
  2967 | D:4      | Noticed a black bear
  2980 | D:4      | Killed a black bear
  2981 | D:4      | Reached skill level 2 in Short Blades
  2981 | D:4      | Reached XP level 5. HP: 34/43 MP: 5/5
  3243 | D:4      | Found a blossoming altar of Fedhas.
  3693 | D:2      | Reached XP level 6. HP: 9/51 MP: 6/6
  3916 | D:2      | Killed Terence
  4000 | D:2      | Identified 2 scrolls of acquirement
  4004 | D:2      | Acquired the amulet of Ithraohiu {Faith Will+}
  4236 | D:2      | Killed Robin
  4300 | D:2      | Acquired the amulet of Qumaihom {Acrobat rN+ Will++}
  4454 | D:2      | Reached skill level 3 in Short Blades
  4687 | D:5      | Entered Level 5 of the Dungeon
  4727 | D:5      | Found a staircase to the Ecumenical Temple.
  4736 | Temple   | Entered the Ecumenical Temple
  4957 | D:5      | Reached XP level 7. HP: 41/58 MP: 4/7
  5227 | D:5      | Noticed a yak
  5259 | D:4      | Killed a yak
  5260 | D:4      | Reached skill level 4 in Short Blades
  5674 | D:5      | Found a hide-covered altar of Uskayaw.
  5703 | D:5      | Became a worshipper of Uskayaw the Reveller
  6198 | D:5      | Reached * piety under Uskayaw
  6376 | D:5      | Reached ** piety under Uskayaw
  6474 | D:6      | Found Equal's Assorted Antiques.
  6479 | D:6      | Bought a worn glass wand for 92 gold pieces
  6488 | D:6      | Found an ancient bone altar of Kikubaaqudgha.
  6563 | D:6      | Reached XP level 8. HP: 59/65 MP: 8/8
  6693 | D:6      | Reached skill level 1 in Spellcasting
  6806 | D:6      | Reached skill level 5 in Short Blades
  7087 | D:6      | Reached *** piety under Uskayaw
  7088 | D:6      | Reached **** piety under Uskayaw
  7330 | D:6      | Reached skill level 5 in Hexes
  7543 | D:6      | Found a white marble altar of Elyvilon.
  7675 | D:6      | Found a broken altar of Ashenzari.
  7810 | D:6      | Reached skill level 6 in Short Blades
  7810 | D:6      | Reached skill level 5 in Stealth
  7943 | D:6      | Found a basalt altar of Yredelemnul.
  8790 | D:6      | Reached XP level 9. HP: 66/70 MP: 12/12
  8871 | D:7      | Reached skill level 7 in Short Blades
  9283 | D:7      | Reached ***** piety under Uskayaw
  9298 | D:7      | Reached skill level 8 in Short Blades
  9764 | D:7      | Reached skill level 9 in Short Blades
  9996 | D:7      | Learned a level 1 spell: Apportation
 10001 | D:7      | Learned a level 4 spell: Cause Fear
 10290 | D:8      | Noticed a kobold demonologist
 10327 | D:8      | Noticed an orange demon
 10328 | D:8      | Killed a kobold demonologist
 10330 | D:8      | Reached XP level 10. HP: 74/78 MP: 13/13
 10395 | D:8      | Reached skill level 10 in Short Blades
 10513 | D:8      | Reached skill level 1 in Invocations
 10714 | D:8      | Found a flagged portal.
 10723 | Bailey   | Entered a bailey
 11248 | Bailey   | Noticed an orc knight
 11305 | Bailey   | Killed an orc knight
 11309 | Bailey   | Mangled by an orc warrior

Illustrated notes

Levels and vault maps discovered:
D:1:      psy_arrival_radial02, layout_basic
D:2:      layout_rooms, st_stairs_10, uniq_robin, uniq_terence
D:3:      layout_basic, serial_shops, nicolae_shop_waterfront
D:4:      layout_basic, mainiacjoe_overflow_catch_the_wave, nrook_loot_triangle
D:5:      layout_layer_cave, mainiacjoe_overflow_concentric_impassable,
          minmay_temple_entry_tees, minmay_chambers_of_fives
D:6:      layout_loops_corners, kiku_gazebo_pond_becter,
          lemuel_zombie_altar_yredelemnul, old_standard_altar,
          nicolae_elyvilon_peaceful_grove, serial_shops, shop
D:7:      layout_rooms, serial_undead, serial_undead_a, serial_undead_d,
          serial_undead_a, serial_undead_c, serial_undead_e, serial_undead_d
D:8:      layout_basic, nemelex_diamond_rough_becter, serial_demonic,
          serial_demonic_a, serial_demonic_b, serial_demonic_f,
          serial_demonic_e, enter_bailey_8, uniq_psyche
Temple:   nicolae_temple_superstar
Bailey:   bailey_axe_of_yendor_kennysheep, bailey

Skill      XL: |  1  2  3  4  5  6  7  8  9 10 |
---------------+-------------------------------+-----
Stealth        | 2 3 5 6 |  6.0
Fighting       | 1 2 |  2.1
Short Blades   | 1 2 3 4 6 9 10 | 10.0
Hexes          | 1 2 3 4 5 6 |  6.0
Ice Magic      | 1 2 3 4 |  4.0
Spellcasting   | 2 |  2.0
Invocations    | 3 |  3.5
Armour         | |  2.4
Dodging        | |  0.6
Evocations     | |  3.0

Action                     |  1- 3 |  4- 6 |  7- 9 | 10-12 || total
---------------------------+-------+-------+-------+-------++-------
  Melee: Club              |    47 |       |       |       ||    47
         Tailslap          |    17 |    34 |    89 |    34 ||   174
         Dagger            |    72 |   256 |   306 |   167 ||   801
         Punch             |     1 |     2 |    16 |     1 ||    20
         Falchion          |       |       |    58 |       ||    58
         Short sword       |       |       |   179 |     3 ||   182
  Throw: Boomerang         |     3 |     9 |     3 |       ||    15
         Dart              |       |       |       |     4 ||     4
   Cast: Ensorcelled Hiber |       |     1 |     8 |     8 ||    17
  Evoke: Wand              |     3 |     2 |     5 |     9 ||    19
    Use: Potion            |     1 |       |     3 |     2 ||     6
         Scroll            |       |    10 |     4 |     2 ||    16
   Stab: Sleeping          |     6 |     1 |     4 |     3 ||    14
         Paralysed         |       |       |    19 |     1 ||    20
         Distracted        |       |       |     2 |       ||     2
 Armour: Leather armour    |    43 |    41 |       |     5 ||    89
         Ring mail         |       |    49 |   154 |     6 ||   209
  Dodge: Dodged            |    71 |   181 |   258 |    71 ||   581

Table legend: (Time is in decaauts)
 A = Elapsed time spent in this place.
 B = Non-inter-level travel time spent in this place.
 C = Inter-level travel time spent in this place.
 D = Time resting spent in this place.
 E = Time spent auto-exploring this place.
 F = Levels seen in this place.
 G = Mean time per level.
                   A        B        C        D        E       F      G
               +--------+--------+--------+--------+--------+-----+--------+
         Total |  11070 |  10102 |    968 |   3212 |   4446 |  10 | 1107.0 |
       Dungeon |  10398 |   9453 |    945 |   2888 |   4312 |   8 | 1299.8 |
        Temple |    136 |    113 |     23 |      0 |    106 |   1 |  136.0 |
        Bailey |    534 |    534 |      0 |    324 |     28 |   1 |  534.0 |
               +--------+--------+--------+--------+--------+-----+--------+

Top non-repeatable levels by time:
     D:6: 2168 daAuts
     D:5: 1812 daAuts
     D:2: 1801 daAuts
     D:3: 1154 daAuts
     D:4: 1062 daAuts
     D:1: 1021 daAuts
     D:7: 968 daAuts
  Bailey: 534 daAuts
     D:8: 408 daAuts
  Temple: 136 daAuts
